 Dungeon Crawl Stone Soup version 0.19.5 (webtiles) character file.

990 LORDOFBUTT the Chopper (level 8, -15/58 HPs)
             Began as a Formicid Fighter on Mar 21, 2017.
             Was an Initiate of Gozag.
             Demolished by an ogre
             ... wielding a +0 giant spiked club
              (30 damage)
             ... on level 5 of the Dungeon.
             The game lasted 00:04:26 (3933 turns).

LORDOFBUTT the Chopper (Formicid Fighter)           Turns: 3933, Time: 00:04:27

Health: -15/58     AC:  9    Str: 21    XL:     8   Next: 41%
Magic:  8/8        EV:  9    Int:  8    God:    Gozag
Gold:   492        SH:  0    Dex: 12    Spells: 0 memorised, 7 levels left

rFire  . . .     SeeInvis +     a - +0 war axe
rCold  . . .     Gourm    .     b - +0 scale mail
rNeg   . . .     Faith    .     c - +0 shield
rPois  .         Spirit   .     (helmet unavailable)
rElec  .         Reflect  .     (no cloak)
rCorr  .         Harm     .     (no gloves)
MR     .....                    (no boots)
Stlth  ..........               (no amulet)
                                (no ring)
                                n - +3 ring of protection

@: confused
A: permanent stasis, dig shafts and tunnels, four strong arms, antennae 3
a: Dig, Shaft Self, Potion Petition, Call Merchant, Bribe Branch, Renounce
Religion


You were on level 5 of the Dungeon.
You worshipped Gozag.
Gozag was aware of your devotion.
You were not hungry.

You visited 1 branch of the dungeon, and saw 5 of its levels.

You collected 529 gold pieces.
You paid 37 gold pieces to Gozag.

Inventory:

Hand Weapons
 a - a +0 war axe (weapon)
Armour
 b - a +0 scale mail (worn)
 c - a +0 shield (worn)
Jewellery
 n - a +3 ring of protection (left hand)
 u - a +2 ring of intelligence {unknown}
Scrolls
 e - 4 scrolls of remove curse {unknown}
 i - 2 scrolls of fear {unknown}
 j - 3 scrolls of magic mapping {unknown}
 k - 7 scrolls of identify {unknown}
 o - 2 scrolls of teleportation {unknown}
Potions
 d - a potion of brilliance {unknown}
 g - 2 potions of magic {unknown}
 h - 2 potions of berserk rage {unknown}
 l - a potion of ambrosia
 m - 3 potions of degeneration {unknown}
 p - a potion of resistance {unknown}
 q - a potion of agility {unknown}
 r - 4 potions of flight {unknown}
 s - a potion of mutation {unknown}
 x - a potion of lignification {unknown}
Books
 t - a book of Changes

   Spells                             Type                      Level
   a - Beastly Appendage              Transmutation                1
   b - Sticks to Snakes               Transmutation                2
   c - Spider Form                    Transmutation/Poison         3
   d - Ice Form                       Ice/Transmutation            4
   e - Blade Hands                    Transmutation                5
 v - a book of Minor Magic

   Spells                             Type                      Level
   a - Magic Dart                     Conjuration                  1
   b - Blink                          Translocation                2
   c - Call Imp                       Summoning                    2
   d - Repel Missiles                 Charms/Air                   2
   e - Slow                           Hexes                        2
   f - Conjure Flame                  Conjuration/Fire             3
   g - Mephitic Cloud                 Conjuration/Poison/Air       3
Comestibles
 f - a beef jerky
 w - a meat ration


   Skills:
 - Level 3.2 Fighting
 * Level 7.9 Axes
 - Level 3.2 Armour
 + Level 7.1 Shields


You had 7 spell levels left.
You didn't know any spells.

Dungeon Overview and Level Annotations

Branches:
Dungeon (5/15)
 Temple: D:4-7

Altars:
Gozag
Kikubaaqudgha
Nemelex Xobeh
Qazlal
Ru

Shops:
D:3 *   D:4 :

Annotations:
D:5 Menkaure


Innate Abilities, Weirdness & Mutations

You are under a permanent stasis effect.
You can dig through walls and to a lower floor.
Your four strong arms can wield two-handed weapons with a shield.
You have a pair of large antennae on your head. (SInv)


Message History

You are confused.
You feel invigorated.
Menkaure calls on the powers of darkness!
The ogre convulses!
Your body is wracked with pain!
* * * LOW HITPOINT WARNING * * *
You hit the ogre.
The ogre is almost dead.
You closely miss Menkaure. The ogre closely misses you.
A wight comes into view. It is wielding a falchion.
You closely miss the ogre.
The ogre is almost dead.
You closely miss Menkaure.
Menkaure casts a spell.
Menkaure seems to speed up.
The ogre barely misses you.
You bump into the rock wall.
Menkaure hits you!
* * * LOW HITPOINT WARNING * * *
The ogre hits you with a giant spiked club!!
Ouch! That really hurt!
You die...
Your body crumbles into a pile of gold.

#. ##### #. #...#
#. #.#.# #.
###.#>## #.
###...#..# #.
##...####.# ##.
##..### #.### #..
##O@## #...####.#
#.M## ###.##...# ##
#...## #####.#..###
. #.## #.......## #
.# .z #.####.## #
#.# ...
###.####.##### .. .
..
.#####.......).....
##.##.. .
........#####.#####
..... ..#####.#
#..#


You could see an ogre, Menkaure and a wight.

Vanquished Creatures
  Grinder (D:3)
  Sigmund (D:3)
  2 ogres (D:5)
  2 phantoms
  An orc priest (D:3)
  An orc wizard (D:4)
  Terence (D:3)
  3 worker ants (D:4)
  Robin (D:3)
  4 adders
  An adder zombie (D:5)
  2 oozes
  2 worms
  2 dart slugs
  7 orcs
  4 giant cockroaches
  9 goblins
  6 hobgoblins
  9 jackals
  A quokka (D:3)
  3 ball pythons
  7 bats
  3 frilled lizards
  5 kobolds
  A leopard gecko skeleton (D:5)
  A quokka zombie (D:5)
  4 rats
84 creatures vanquished.

Notes
Turn   | Place    | Note
-------+----------+-------------------------------------------
     0 | D:1      | LORDOFBUTT the Formicid Fighter began the quest for the Orb.
     0 | D:1      | Reached XP level 1. HP: 18/18 MP: 1/1
    92 | D:1      | Reached XP level 2. HP: 24/24 MP: 2/2
   312 | D:1      | Found a sparkling altar of Nemelex Xobeh.
   553 | D:1      | Reached XP level 3. HP: 29/29 MP: 3/3
   811 | D:2      | Found a sacrificial altar of Ru.
  1384 | D:3      | Found Gozag's Platinum Reserve.
  1410 | D:3      | Noticed Sigmund
  1420 | D:3      | Killed Sigmund
  1420 | D:3      | Reached skill level 5 in Axes
  1420 | D:3      | Reached skill level 5 in Shields
  1420 | D:3      | Reached XP level 4. HP: 16/35 MP: 4/4
  1420 | D:3      | Reached XP level 5. HP: 19/41 MP: 5/5
  1420 | D:3      | Reached XP level 6. HP: 22/47 MP: 6/6
  1548 | D:3      | Noticed Grinder
  1762 | D:3      | Noticed a phantom
  1791 | D:3      | Killed a phantom
  1823 | D:3      | Found an opulent altar of Gozag.
  1903 | D:3      | Became a worshipper of Gozag Ym Sagoz the Greedy
  2365 | D:3      | Noticed Robin
  2376 | D:3      | Killed Robin
  2376 | D:3      | Reached XP level 7. HP: 52/52 MP: 7/7
  2501 | D:3      | Killed Grinder
  2583 | D:3      | Noticed Terence
  2593 | D:3      | Killed Terence
  2641 | D:3      | Found an ancient bone altar of Kikubaaqudgha.
  2641 | D:3      | Found a stormy altar of Qazlal.
  2840 | D:4      | Reached XP level 8. HP: 51/58 MP: 8/8
  3013 | D:4      | Found Muxah's Book Shop.
  3710 | D:5      | Entered Level 5 of the Dungeon
  3922 | D:5      | Noticed Menkaure
  3933 | D:5      | Demolished by an ogre

Skill      XL: |  1  2  3  4  5  6  7  8 |
---------------+-------------------------+-----
Axes           | 3 5 7 |  7.9
Shields        | 5 6 7 |  7.1
Fighting       | |  3.2
Armour         | |  3.2

Action                   |  1- 3 |  4- 6 |  7- 9 || total
-------------------------+-------+-------+-------++-------
Melee: War axe           |   102 |   115 |   120 ||   337
Invok: Potion Petition   |       |       |     1 ||     1
  Use: Potion            |     1 |     1 |     1 ||     3
 Stab: Distracted        |       |       |     1 ||     1
  Eat: Chunk             |     2 |     1 |       ||     3
       Bread ration      |       |     1 |     1 ||     2
Armor: Scale mail        |    44 |    45 |    34 ||   123
Dodge: Dodged            |    36 |    46 |    34 ||   116
Block: Shield            |    64 |    62 |    49 ||   175
